 Dungeon Sprint DCSS version 0.27.1-15-g792fb953b9 (webtiles) character file.

Game seed: 5574516456623060196

9907 boopmooplesden the Severer (level 11, -18/112 HPs)
             Began as a Minotaur Fighter on Nov 21, 2021.
             Was the Champion of Okawaru.
             Demolished by an orc knight (34 damage)
             ... in the Dungeon (Sprint IX: "|||||||||||||||||||||||||||||").
             The game lasted 00:03:24 (1137 turns).

boopmooplesden the Severer (Minotaur Fighter)       Turns: 1137, Time: 00:03:25

Health: -18/112    AC: 15    Str: 31    XL:     11   Next: 29%
Magic:  11/11      EV: 14    Int:  5    God:    Okawaru [******]
Gold:   665        SH: 15    Dex: 12    Spells: 10/10 levels left

rFire    . . .     SeeInvis .   m - +8 mithril axe "Arga" {speed, Will+}
rCold    . . .     Faith    .   c - +1 kite shield
rNeg     . . .     Spirit   .   q - +2 ring mail
rPois    +         Reflect  .   w - +1 hat "Dihaf" {Harm rPois Str+3}
rElec    .         Harm     +   o - +0 cloak
rCorr    .         Rampage  .   t - +0 pair of gloves
Will     +....     NoTele   +   p - +0 pair of boots
Stlth    +.........             (no amulet)
HPRegen  0.28/turn              r - +3 ring of strength
MPRegen  0.12/turn              s - +3 ring of strength

@: no status effects
A: horns 2, retaliatory headbutt
a: Renounce Religion, Heroism, Finesse


You were in the Dungeon.
You worshipped Okawaru.
Okawaru was exalted by your worship.
You visited 1 branch You collected 665 gold pieces.

Inventory:

Hand Weapons
 a - a +0 long sword
 m - the +8 mithril axe "Arga" (weapon) {speed, Will+}
   (You found it in the Dungeon)

   Attacks with this weapon are significantly faster.
   Will:      It increases your willpower.
 n - a +2 scimitar of holy wrath
Armour
 b - a +0 scale mail
 c - a +1 kite shield (worn)
 o - a +0 cloak (worn)
 p - a +0 pair of boots (worn)
 q - a +2 ring mail (worn)
 t - a +0 pair of gloves (worn)
 w - the +1 hat "Dihaf" (worn) {Harm rPois Str+3}
   (Okawaru gifted it to you in the Dungeon)

   Str:       It affects your strength (+3).
   rPois:     It protects you from poison.
   Harm:      It increases damage dealt and taken.
Jewellery
 r - a +3 ring of strength (left hand)
 s - a +3 ring of strength (right hand)
Wands
 l - a wand of iceblast (10)
Scrolls
 j - 3 scrolls of blinking
 k - 2 scrolls of amnesia
 u - 3 scrolls of fear
 v - 3 scrolls of fog
Potions
 d - a potion of invisibility
 e - 9 potions of curing
 f - a potion of heal wounds
 g - a potion of haste
 h - 4 potions of magic
 i - a potion of brilliance


   Skills:
 + Level 15.0 Fighting
 + Level 7.0 Long Blades
 + Level 18.4 Axes
 + Level 13.1 Armour
 + Level 8.9 Dodging
 + Level 1.2 Stealth
 + Level 14.1 Shields
 + Level 1.7 Invocations


You had 10 spell levels left.
You didn't know any spells.
Your spell library contained the following spells:

 Spells                   Type           Power      Damage    Failure   Level
 Ensorcelled Hibernation  Hex/Ice        0%         N/A       75%         2
 Spider Form              Tmut/Pois      0%         N/A       93%         3
 Shadow Creatures         Summ           N/A        N/A       100%        6


Dungeon Overview and Level Annotations

Branches:
Dungeon (1/1)

Altars:
Cheibriados
Dithmenos
Elyvilon
Fedhas
Gozag
Hepliaklqana
Kikubaaqudgha
Makhleb
Nemelex Xobeh
Okawaru
Qazlal
Ru
Sif Muna
Trog
Uskayaw
Vehumet
Wu Jian
Xom
Yredelemnul
Zin
The Shining One
Beogh
Jiyva
Lugonu


Innate Abilities, Weirdness & Mutations

You have a pair of horns on your head.
You reflexively headbutt those who attack you in melee.


Message History

You headbutt the orc warrior, but do no damage.
The orc warrior closely misses you. You furiously retaliate!
You headbutt the orc warrior, but do no damage.
You slash the orc warrior!
The orc warrior is heavily wounded.
You slice the orc warrior!!
You kill the orc warrior!
Okawaru accepts your kill.
You hit the orc warrior.
The orc warrior is moderately wounded.
The orc warrior barely misses you.
You slice the orc warrior!!
You kill the orc warrior!
Okawaru accepts your kill. You block the orc's attack.
Items here: $ ( )) [[ ††.
You slash the orc!
You kill the orc!
Okawaru accepts your kill. The orc knight misses you.
The orc warrior barely misses you.
Things that are here:
a +0 whip; 50 gold pieces You slash the orc knight!
Your headbutt misses the orc knight.
The orc knight is moderately wounded.
The orc knight hits you with a +1 battleaxe!
The orc warrior hits you but does no damage.
You closely miss the orc knight. You headbutt the orc knight.
The orc knight is moderately wounded.
You hit the orc knight but do no damage.
You headbutt the orc knight.
The orc knight is moderately wounded.
You block the orc knight's attack.
The orc warrior hits you from afar with a +0 glaive!!
* * * LOW HITPOINT WARNING * * *
You slice the orc knight!!
The orc knight is severely wounded.
You barely miss the orc knight.
The orc knight is severely wounded.
The orc knight hits you with a +1 battleaxe!!
You die...

▓▓▓▓▓▓▓▓▓▓▓▓▓▓▓▓▓▓▓▓▓
))))...')))$$)))@oo.+
▓▓▓▓▓▓▓▓▓▓▓▓▓▓▓▓▓▓▓▓▓▓▓▓▓▓▓▓▓▓▓▓▓
.................................
▓▓▓▓▓▓▓▓▓▓▓▓▓▓▓▓▓▓▓▓▓▓▓▓▓▓▓▓▓▓▓▓▓
)†.........††........†††.......([
▓▓▓▓▓▓▓▓▓▓▓▓▓▓▓▓▓▓▓▓▓▓▓▓▓▓▓▓▓▓▓▓▓
.................................
▓▓▓▓▓▓▓▓▓▓▓▓▓▓▓▓▓▓▓▓▓▓▓▓▓▓▓▓▓▓▓▓▓
_____________________'..)......')


You could see an orc knight (strong) and an orc warrior (strong).

Vanquished Creatures
  A hydra (D)
  A centaur warrior (D)
  A two-headed ogre (D)
  3 orc knights (D)
  A deep elf pyromancer (D)
  A manticore (D)
  2 black mambas (D)
  5 cane toads (D)
  An unseen horror (D)
  3 trolls (D)
  A blink frog (D)
  A tyrant leech (D)
  A yak (D)
  4 vampire mosquitoes (D)
  A basilisk (D)
  4 water moccasins (D)
  A black bear (D)
  8 orc warriors (D)
  A centaur (D)
  An ogre (D)
  3 wolves (D)
  2 bullfrogs (D)
  A scorpion (D)
  A wight (D)
  A hound (D)
  2 orc priests (D)
  An iguana (D)
  5 orc wizards (D)
  An adder (D)
  6 orcs (D)
  A bat (D)
  A goblin (D)
  A hobgoblin (D)
  A ball python (D)
  A quokka zombie (D)
  A rat (D)
71 creatures vanquished.

Notes
Turn   | Place    | Note
-------+----------+-------------------------------------------
     0 | D        | boopmooplesden the Minotaur Fighter began the quest for the
                  | Orb.
     0 | D        | Reached XP level 1. HP: 19/19 MP: 0/0
    21 | D        | Noticed an iguana
    21 | D        | Noticed a scorpion
    21 | D        | Noticed an ogre
    21 | D        | Noticed a hound
    29 | D        | Reached skill level 1 in Dodging
    29 | D        | Reached skill level 5 in Shields
    29 | D        | Reached XP level 2. HP: 21/28 MP: 1/1
    32 | D        | Reached skill level 5 in Fighting
    32 | D        | Reached skill level 5 in Armour
    32 | D        | Reached XP level 3. HP: 21/36 MP: 2/2
    35 | D        | Killed a scorpion
    36 | D        | Reached XP level 4. HP: 40/44 MP: 3/3
    37 | D        | Killed an ogre
    38 | D        | Reached XP level 5. HP: 15/52 MP: 4/4
    86 | D        | Found a snail-covered altar of Cheibriados.
    86 | D        | Found a shadowy altar of Dithmenos.
    86 | D        | Found a white marble altar of Elyvilon.
    86 | D        | Found a blossoming altar of Fedhas.
    86 | D        | Found an opulent altar of Gozag.
    87 | D        | Found a hazy altar of Hepliaklqana.
    88 | D        | Found a viscous altar of Jiyva.
    89 | D        | Found an ancient bone altar of Kikubaaqudgha.
    90 | D        | Found a corrupted altar of Lugonu.
    91 | D        | Found a burning altar of Makhleb.
    92 | D        | Found a sparkling altar of Nemelex Xobeh.
    93 | D        | Found an iron altar of Okawaru.
    94 | D        | Found a stormy altar of Qazlal.
    95 | D        | Found a sacrificial altar of Ru.
    96 | D        | Found a shimmering blue altar of Sif Muna.
    97 | D        | Found a bloodstained altar of Trog.
    98 | D        | Found a hide-covered altar of Uskayaw.
    99 | D        | Found a radiant altar of Vehumet.
   100 | D        | Found an ornate altar of the Wu Jian Council.
   101 | D        | Became a worshipper of Warmaster Okawaru
   102 | D        | Found a shimmering altar of Xom.
   103 | D        | Found a basalt altar of Yredelemnul.
   104 | D        | Found a glowing silver altar of Zin.
   105 | D        | Found a glowing golden altar of the Shining One.
   113 | D        | Found the +8 mithril axe "Arga" {speed, Will+}
   261 | D        | Noticed a centaur
   261 | D        | Noticed a troll
   271 | D        | Reached skill level 5 in Long Blades
   272 | D        | Killed a centaur
   273 | D        | Reached XP level 6. HP: 58/62 MP: 5/5
   275 | D        | Reached skill level 1 in Axes
   299 | D        | Killed an unseen horror
   299 | D        | Reached * piety under Okawaru
   300 | D        | Reached skill level 3 in Axes
   300 | D        | Reached skill level 10 in Armour
   300 | D        | Reached skill level 10 in Shields
   300 | D        | Reached XP level 7. HP: 34/70 MP: 6/6
   303 | D        | Killed a troll
   304 | D        | Reached skill level 5 in Axes
   522 | D        | Noticed a two-headed ogre
   522 | D        | Noticed a centaur warrior
   522 | D        | Noticed a deep elf pyromancer
   522 | D        | Noticed a troll
   522 | D        | Noticed a troll
   522 | D        | Noticed a manticore
   528 | D        | Killed a two-headed ogre
   528 | D        | Reached ** piety under Okawaru
   529 | D        | Reached skill level 10 in Fighting
   529 | D        | Reached skill level 8 in Axes
   529 | D        | Reached skill level 5 in Dodging
   529 | D        | Reached XP level 8. HP: 79/81 MP: 4/7
   532 | D        | Killed a centaur warrior
   532 | D        | Reached *** piety under Okawaru
   533 | D        | Reached skill level 10 in Axes
   533 | D        | Reached XP level 9. HP: 88/89 MP: 4/8
   535 | D        | Killed a troll
   536 | D        | Reached skill level 11 in Axes
   538 | D        | Killed a deep elf pyromancer
   538 | D        | Reached **** piety under Okawaru
   539 | D        | Killed a troll
   544 | D        | Killed a manticore
   545 | D        | Reached skill level 12 in Axes
   545 | D        | Reached skill level 1 in Invocations
   728 | D        | Noticed a black mamba
   728 | D        | Noticed a cane toad
   732 | D        | Reached ***** piety under Okawaru
   740 | D        | Killed a black mamba
   741 | D        | Reached skill level 13 in Axes
   742 | D        | Killed a cane toad
   742 | D        | Received a gift from Okawaru
   744 | D        | Reached XP level 10. HP: 98/99 MP: 9/9
   754 | D        | Reached skill level 14 in Axes
   766 | D        | Noticed a cane toad
   766 | D        | Noticed a four-headed hydra
   766 | D        | Noticed a cane toad
   767 | D        | Noticed a black mamba
   771 | D        | Killed a cane toad
   777 | D        | Noticed a cane toad
   778 | D        | Killed an eight-headed hydra
   779 | D        | Reached skill level 15 in Axes
   785 | D        | Killed a cane toad
   788 | D        | Killed a black mamba
   789 | D        | Reached skill level 16 in Axes
   800 | D        | Killed a cane toad
   810 | D        | Noticed a cane toad
   834 | D        | Killed a cane toad
   835 | D        | Reached skill level 17 in Axes
   843 | D        | Reached ****** piety under Okawaru
   844 | D        | Reached XP level 11. HP: 101/110 MP: 11/11
   961 | D        | Noticed an orc knight
   968 | D        | Killed an orc knight
   968 | D        | Identified the +1 hat "Dihaf" {Harm rPois Str+3} (Okawaru
                  | gifted it to you in the Dungeon)
   968 | D        | Received a gift from Okawaru
  1099 | D        | Noticed an orc knight
  1105 | D        | Killed an orc knight
  1106 | D        | Noticed an orc knight
  1110 | D        | Reached skill level 1 in Stealth
  1111 | D        | Reached skill level 18 in Axes
  1115 | D        | Noticed an orc knight
  1121 | D        | Killed an orc knight
  1124 | D        | Reached skill level 15 in Fighting
  1137 | D        | Demolished by an orc knight

Illustrated notes

Levels and vault maps discovered:
D:        linesprint [early_d, line_temple, items_1, d_10, items_2, lair_1,
          lair_end, items_3, orc_1, orc_end, items_4, d_15, swamp_1, shoals_1,
          snake_1, spider_1, d_20, vaults_1, items_5, swamp_end, shoals_end,
          snake_end, spider_end, vaults_end, d_27, items_6, zot_1, zot_end,
          crypt_end, forest_end, elf_end, slime_end, tomb_end, abyss_end,
          pan_hell_end]

Skill      XL: |  1  2  3  4  5  6  7  8  9 10 11 |
---------------+----------------------------------+-----
Shields        | 5 6 7 8 9 10 11 12 13 14 | 14.1
Fighting       | 4 5 6 7 8 9 10 11 12 14 15 | 15.0
Armour         | 4 5 6 7 9 10 11 12 13 | 13.1
Dodging        | 1 2 3 4 5 6 7 8 |  8.9
Long Blades    | 3 4 5 6 7 |  7.0
Axes           | 3 8 10 13 17 18 | 18.4
Invocations    | 1 |  1.7
Stealth        | 1 |  1.2

Action                   |  1- 3 |  4- 6 |  7- 9 | 10-12 || total
-------------------------+-------+-------+-------+-------++-------
Melee: Long sword        |    23 |     3 |       |       ||    26
       Headbutt          |     3 |     7 |     6 |    27 ||    43
       Broad axe         |       |    32 |    37 |   125 ||   194
Invok: Heroism           |       |       |     1 |     1 ||     2
  Use: Potion            |     2 |     2 |       |       ||     4
       Scroll            |       |       |     1 |       ||     1
Armor: Scale mail        |    10 |       |       |       ||    10
       Ring mail         |       |    22 |     7 |     9 ||    38
Dodge: Dodged            |     9 |     2 |    16 |    32 ||    59
Block: Kite shield       |    13 |    15 |    28 |    44 ||   100
       Rpst.: Long sword |     2 |       |       |       ||     2
